 Dungeon Crawl Stone Soup version 0.28.0-43-g3370ac3207 (webtiles) character file.

Game seed: 11236390246993491850

22655 unlimited1921 the Thaumaturge (level 13, -33/75 HPs)
             Began as a Djinni Fire Elementalist on Mar 5, 2022.
             Was an Initiate of Gozag.
             Killed from afar by a deep elf knight (43 damage)
             ... with a shard of ice
             ... on level 2 of the Orcish Mines.
             The game lasted 02:09:46 (16628 turns).

unlimited1921 the Thaumaturge (DjFE)               Turns: 16628, Time: 02:09:51

Health: -33/75     AC:  8    Str:  9    XL:     13   Next: 29%
Gold:   2449       EV: 14    Int: 29    God:    Gozag SH:  0 Dex: 17

rFire   + + +      SeeInvis .   k - +9 falchion "Ucvomn" {freeze, Int+4 Dex+4}
rCold   x . .      Faith    .   (no shield)
rNeg    + . .      Spirit   .   z - +1 ring mail "Koputem" {rPois Regen+}
rPois   ∞          Reflect  .   (helmet restricted)
rElec   .          Harm     .   (no cloak)
rCorr   .          Rampage  .   D - +2 pair of gloves
Will    +....                   (boots unavailable)
Stlth   +.........              J - amulet of regeneration
HPRegen 1.82/turn               r - ring of the Everdark {rF+ rN+ Int+4}
MPRegen 0.00/turn               F - +6 ring of strength

@: confused, ambrosia-drunk, flying, hasted, unable to read, very quick
A: sickness immunity, fire resistance 2, cold vulnerability 1, float, innate
caster, HP casting, extra vitality 1, horns 1, clumsy 1, deformed body, frail 2,
screaming 1, weak 2, no potion heal 1, inability to read while threatened
a: Renounce Religion, Potion Petition, Call Merchant, Bribe Branch


You were on level 2 of the Orcish Mines.
You worshipped Gozag.
Gozag was most pleased with you.
You visited 3 branches of the dungeon, and saw 13 of its levels.
You also visited: Ossuary.

You collected 4732 gold pieces.
You spent 2260 gold pieces at shops.
You paid 23 gold pieces to Gozag.

Inventory:

Hand Weapons
 k - the +9 falchion "Ucvomn" (weapon) {freeze, Int+4 Dex+4}
   (You bought it in a shop on level 2 of the Orcish Mines)

   It freezes those it strikes, dealing additional cold damage.
   It can also slow down cold-blooded creatures.
   Int:       It affects your intelligence (+4).
   Dex:       It affects your dexterity (+4).
 s - a +0 war axe
 C - a +1 war axe of flaming
 K - a +2 dire flail of freezing
 O - a +0 hand crossbow of flaming
Missiles
 f - 59 poisoned darts
 t - 66 bolts
 y - 5 boomerangs
 L - 9 curare-tipped darts
Armour
 c - a +2 pair of gloves
 z - the +1 ring mail "Koputem" (worn) {rPois Regen+}
   (You found it on level 6 of the Dungeon)

   rPois:     It protects you from poison.
   Regen:     It increases your rate of health regeneration.
 D - a +2 pair of gloves (worn)
Jewellery
 r - the ring of the Everdark (left hand) {rF+ rN+ Int+4}
   (You found it on level 9 of the Dungeon)

   [ring of positive energy]

   Int:       It affects your intelligence (+4).
   rF:        It protects you from fire.
   rN:        It protects you from negative energy.
 A - a ring of wizardry
 F - a +6 ring of strength (right hand)
 J - an amulet of regeneration (around neck)
Wands
 N - a wand of acid (9)
 W - a wand of mindburst (9)
Scrolls
 b - 8 scrolls of teleportation
 e - a scroll of acquirement {unknown}
 g - a scroll of brand weapon {unknown}
 i - 2 scrolls of magic mapping
 o - 4 scrolls of vulnerability
 q - a scroll of enchant weapon
 v - 4 scrolls of fog
 B - a scroll of blinking
 G - 3 scrolls of fear
 H - 2 scrolls of noise {unknown}
 I - a scroll of enchant armour
 M - a scroll of silence
 S - 2 scrolls of immolation
 V - a scroll of holy word
Potions
 d - 4 potions of berserk rage
 j - 2 potions of magic
 l - 2 potions of mutation {unknown}
 m - a potion of haste
 u - 2 potions of invisibility {unknown}
 P - a potion of heal wounds {unknown}
 Q - a potion of might {unknown}
 R - 2 potions of cancellation {unknown}
 T - a potion of flight {unknown}
 U - 2 potions of brilliance
 Z - a potion of attraction {unknown}
Miscellaneous
 p - a phantom mirror (quivered)


   Skills:
 * Level 9.1 Fighting
 - Level 3.6 Axes
 + Level 0.5 Throwing
 * Level 8.3 Armour
 * Level 7.8 Dodging
 + Level 3.8 Stealth
 + Level 11.9 Spellcasting
 + Level 0.5 Evocations


You had 2 spell levels left.
You knew the following spells:

 Your Spells              Type           Power      Damage    Failure   Level
a - Foxfire               Conj/Fire      100%       2x1d9     1%          1
b - Scorch                Fire           100%       2d10      1%          2
c - Conjure Flame         Conj/Fire      72%        6-21      1%          3
d - Inner Flame           Hex/Fire       72%        N/A       1%          3
e - Flame Wave            Conj/Fire      72%        2d13      1%          4
f - Apportation           Tloc           100%       N/A       1%          1
g - Searing Ray           Conj           100%       2d8       1%          2
h - Portal Projectile     Hex/Tloc       100%       N/A       1%          3
i - Hailstorm             Conj/Ice       72%        3d15      1%          4
j - Irradiate             Conj/Tmut      36%        3d25      1%          5
k - Yara's Violent Unrav  Hex/Tmut       36%        3d15      1%          5
Your spell library was empty.

Dungeon Overview and Level Annotations

Branches:
Dungeon (10/15)            Temple (0/1) D:7             Orc (2/2) D:10
    Elf (1/3) Orc:2       Ossuary (visited)
   Lair: D:8-11

Altars:
Ashenzari
Gozag
Hepliaklqana
Kikubaaqudgha
Makhleb
Qazlal
Ru
Vehumet
Wu Jian
Xom
Yredelemnul
Zin
The Shining One

Shops:
D:4 :   Orc:2 [(**

Annotations:
D:7 2 transporters
D:8 Gastronok


Innate Abilities, Weirdness & Mutations

You are immune to sickness and miasma.
You are immune to poison.
Your flesh is very heat resistant. (rF++)
You are vulnerable to cold. (rC-)
You float through the air rather than walking.
You learn spells naturally, not from books.
Your magical power is your life essence.
You have superior vitality. (+4 MHP)
You have a pair of small horns on your head.
You are clumsy. (Dex -2)
Armour fits poorly on your strangely shaped body.
You are very frail. (-20% HP)
You occasionally shout uncontrollably at your foes.
You are very weak. (Str -4)
Potions are less effective at restoring your health.
You sometimes lose the ability to read scrolls when taking damage.


Message History

A cannonade of hail descends around you!
The hail pelts something!
The hail pelts the fire elemental!!
The fire elemental is frozen!
The fire elemental is severely damaged.
* * * LOW HITPOINT WARNING * * *
You hear a twanging sound.
An arrow appears from out of thin air!
The arrow hits you!
* * * LOW HITPOINT WARNING * * *
Casting: Hailstorm (mildly dangerous; 1% risk of failure)
Confirm with . or Enter, or press ? or * to list all spells.
Okay, then.
Unknown command.
Your system partially rejects the healing.
You feel better.
You hear some strange, mumbled words.
A shard of ice appears from out of thin air!
The shard of ice misses you.
The shard of ice hits the fire elemental!!!
The fire elemental is frozen!
The fire elemental is destroyed!
The fire elemental disappears in a puff of smoke!
There is a staircase back to the Mines here.
You hear some strange, mumbled words.
You fly upwards.
Welcome back to the Orcish Mines!
Reactivating autopickup.
There is a staircase to the Elven Halls here.
You hear a twanging sound.
An arrow appears from out of thin air!
Deactivating autopickup; reactivate with Ctrl-A.
The arrow hits you!
* * * LOW HITPOINT WARNING * * *
You are confused.
Your system partially rejects the healing.
You feel invigorated.
You hear some strange, mumbled words.
A shard of ice appears from out of thin air!
The shard of ice hits you!!!
You feel a painful chill!
Ouch! That really hurt!
You die...
Your body crumbles into a pile of gold.

### ### ##.# ##.## ## ##.##
##...# ###. #...## #....### #...
## ###....### ###......## ###...
.###......#.# ##{........# #.....
.##.........###>........#####....
..#...........##@........#.......
........##....#..........#.......
......###.#.......#####.........#
......######.......#####..)..####
........##........###.........#.#
........#..........#............#
........#...#.#...........#......
..#.........###..........##......
####.......#.###.#....######.....


There were no monsters in sight!

Vanquished Creatures
  2 ogre magi (Orc:2)
  10 two-headed ogres
  2 deep trolls (Orc:2)
  3 cyclopes (Orc:2)
  Maggie (D:8)
  An unseen horror (D:10)
  A kobold demonologist (D:10)
  A komodo dragon (D:10)
  10 trolls (Orc:2)
  8 yaks
  A shadow (D:10)
  2 wargs (Orc:1)
  A two-headed ogre zombie (D:10)
  Menkaure (D:5)
  2 acid dragons
  2 water moccasins
  9 orc warriors
  2 sky beasts
  2 ice beasts
  A necrophage (D:8)
  3 black bears
  23 ogres
  5 centaurs
  11 kobold brigands
  2 phantoms
  Blork the orc (D:6)
  A wyvern zombie (D:6)
  5 scorpions
  2 troll zombies (D:10)
  12 killer bees
  5 wights (D:8)
  An electric eel (D:8)
  4 howler monkeys
  3 centaur zombies
  4 jellies
  A bullfrog zombie (D:3)
  5 hounds
  A gnoll shaman (D:7)
  10 orc priests
  A bullfrog skeleton (D:5)
  3 iguanas
  3 iron imps (D:3)
  Jessica (D:2)
  6 orc wizards
  5 ogre zombies (D:10)
  2 hound skeletons (D:4)
  4 mummies (Ossuary)
  A howler monkey zombie (D:9)
  9 gnolls
  A howler monkey skeleton (D:7)
  7 adders
  3 shadow imps
  3 white imps
  An ufetubus (D:7)
  2 adder skeletons (D:4)
  A worm (D:4)
  4 dart slugs
  27 orcs
  4 ball pythons
  7 endoplasms
  2 gnoll zombies (Ossuary)
  10 goblins
  8 hobgoblins
  5 quokkas
  6 bats
  3 frilled lizards
  5 gnoll skeletons (Ossuary)
  4 goblin skeletons
  7 goblin zombies
  6 hobgoblin skeletons (Ossuary)
  11 hobgoblin zombies
  43 kobolds
  11 kobold skeletons
  18 kobold zombies
  6 orc skeletons
  17 orc zombies
  6 rats
  2 rat skeletons (Ossuary)
  4 rat zombies (Ossuary)
  A bush (D:10)
  6 foxfires (D:10)
437 creatures vanquished.

Vanquished Creatures (others)
  534 foxfires
  26 fungi
  14 plants (D:10)
574 creatures vanquished.

Grand Total: 1011 creatures vanquished

Notes
Turn   | Place    | Note
-------+----------+-------------------------------------------
     0 | D:1      | unlimited1921 the Djinni Fire Elementalist began the quest
                  | for the Orb.
     0 | D:1      | Reached XP level 1. HP: 15/15 MP: 0/0
   708 | D:1      | Reached XP level 2. HP: 18/21 MP: 0/0
  1426 | D:1      | Reached XP level 3. HP: 22/26 MP: 0/0
  1426 | D:1      | Learned a level 1 spell: Apportation
  1735 | D:1      | Reached skill level 1 in Fighting
  1783 | D:1      | Reached skill level 3 in Spellcasting
  2481 | D:2      | Noticed Jessica
  2488 | D:2      | Killed Jessica
  2489 | D:2      | Reached XP level 4. HP: 28/32 MP: 0/0
  3064 | D:3      | Found a burning altar of Makhleb.
  3240 | D:3      | Reached XP level 5. HP: 23/38 MP: 0/0
  3240 | D:3      | Learned a level 2 spell: Searing Ray
  3473 | D:3      | Identified the ring "Ocozi" {Ice rPois Str-4 Slay+2}
  3507 | D:3      | Found an opulent altar of Gozag.
  3515 | D:3      | Became a worshipper of Gozag Ym Sagoz the Greedy
  3589 | D:3      | Reached skill level 4 in Spellcasting
  3589 | D:3      | Reached XP level 6. HP: 38/43 MP: 0/0
  3715 | D:3      | Noticed a sky beast
  3722 | D:3      | Killed a sky beast
  3901 | D:3      | Reached skill level 1 in Axes
  4426 | D:3      | Found a faded altar of an unknown god.
  4960 | D:3      | Reached XP level 7. HP: 32/49 MP: 0/0
  4960 | D:3      | Learned a level 3 spell: Portal Projectile
  5131 | D:4      | Noticed a water moccasin
  5143 | D:4      | Killed a water moccasin
  5432 | D:4      | Found Aboox's Book Shoppe.
  5507 | D:4      | Reached skill level 5 in Spellcasting
  6015 | D:4      | Reached XP level 8. HP: 54/56 MP: 0/0
  6024 | D:5      | Entered Level 5 of the Dungeon
  6431 | D:5      | Noticed Menkaure
  6436 | D:5      | Killed Menkaure
  6644 | D:5      | Reached skill level 6 in Spellcasting
  6648 | D:5      | Reached XP level 9. HP: 20/63 MP: 0/0
  6648 | D:5      | Learned a level 4 spell: Hailstorm
  6730 | D:5      | Found a glowing golden altar of the Shining One.
  6998 | D:6      | Noticed Blork the orc
  7000 | D:6      | Identified the +1 ring mail "Koputem" {rPois Regen+}
  7008 | D:6      | Killed Blork the orc
  7121 | D:6      | Reached skill level 5 in Fighting
  7234 | D:6      | Found a hazy altar of Hepliaklqana.
  7261 | D:6      | Found a broken altar of Ashenzari.
  7277 | D:6      | Reached skill level 7 in Spellcasting
  7737 | D:6      | Reached skill level 1 in Armour
  7769 | D:6      | Reached XP level 10. HP: 72/72 MP: 0/0
  7780 | D:6      | Noticed a two-headed ogre
  7789 | D:6      | Killed a two-headed ogre
  7790 | D:6      | Reached skill level 8 in Spellcasting
  7930 | D:6      | Found a glowing silver altar of Zin.
  8394 | D:7      | Found a transporter.
  8518 | D:7      | Found a basalt altar of Yredelemnul.
  8521 | D:7      | Found a transporter.
  8563 | D:7      | Found a staircase to the Ecumenical Temple.
  9743 | D:8      | Noticed a two-headed ogre
  9748 | D:8      | Killed a two-headed ogre
  9753 | D:8      | Reached skill level 9 in Spellcasting
  9765 | D:8      | Noticed Maggie
  9814 | D:8      | Killed Maggie
  9815 | D:8      | Reached XP level 11. HP: 78/78 MP: 0/0
  9815 | D:8      | Learned a level 5 spell: Irradiate
  9965 | D:8      | Found a sand-covered staircase.
  9974 | Ossuary  | Entered an ossuary
  9994 | Ossuary  | Gained mutation: Armour fits poorly on your strangely
                  | shaped body. [mutagenic glow]
 10025 | Ossuary  | Gained mutation: You sometimes lose the ability to read
                  | scrolls when taking damage. [mutagenic glow]
 10052 | Ossuary  | Gained mutation: You are weak. (Str -2) [mutagenic glow]
 10329 | Ossuary  | Gained mutation: You are clumsy. (Dex -2) [mutagenic glow]
 10348 | Ossuary  | Gained mutation: Potions are less effective at restoring
                  | your health. [mutagenic glow]
 10366 | Ossuary  | Gained mutation: You are frail. (-10% HP) [mutagenic glow]
 10714 | D:8      | Reached skill level 5 in Armour
 10714 | D:8      | Reached skill level 5 in Dodging
 10940 | D:8      | Noticed Gastronok
 11143 | D:9      | Identified the ring of the Everdark {rF+ rN+ Int+4}
 11900 | D:10     | Entered Level 10 of the Dungeon
 12045 | D:10     | Gained mutation: You occasionally shout uncontrollably at
                  | your foes. [mutagenic glow]
 12064 | D:10     | Gained mutation: You have a pair of small horns on your
                  | head. [mutagenic glow]
 12111 | D:10     | Gained mutation: You are very frail. (-20% HP) [mutagenic
                  | glow]
 12127 | D:10     | Gained mutation: You are very weak. (Str -4) [mutagenic
                  | glow]
 12304 | D:10     | Found a staircase to the Orcish Mines.
 12444 | D:10     | Found a shimmering altar of Xom.
 12451 | D:10     | Found a stormy altar of Qazlal.
 12510 | D:10     | Reached skill level 10 in Spellcasting
 12881 | D:10     | Found a sacrificial altar of Ru.
 13515 | D:10     | Found an ornate altar of the Wu Jian Council.
 14118 | Orc:1    | Entered Level 1 of the Orcish Mines
 14789 | Orc:2    | Entered Level 2 of the Orcish Mines
 14856 | Orc:2    | Found a frozen archway.
 14909 | Orc:2    | Noticed a cyclops
 14918 | Orc:2    | Killed a cyclops
 14919 | Orc:2    | Reached XP level 12. HP: 68/68 MP: 0/0
 14958 | Orc:2    | Noticed a two-headed ogre
 14966 | Orc:2    | Killed a two-headed ogre
 15002 | Orc:2    | Noticed a two-headed ogre
 15009 | Orc:2    | Killed a two-headed ogre
 15014 | Orc:2    | Noticed a two-headed ogre
 15016 | Orc:2    | Noticed a two-headed ogre
 15017 | Orc:2    | Noticed a deep troll
 15021 | Orc:2    | Killed a two-headed ogre
 15023 | Orc:2    | Killed a two-headed ogre
 15029 | Orc:2    | Killed a deep troll
 15044 | Orc:2    | Noticed a deep troll
 15045 | Orc:2    | Noticed a two-headed ogre
 15052 | Orc:2    | Reached skill level 11 in Spellcasting
 15052 | Orc:2    | Killed a two-headed ogre
 15068 | Orc:2    | Killed a deep troll
 15091 | Orc:2    | Noticed an ogre mage
 15098 | Orc:2    | Killed an ogre mage
 15234 | Orc:2    | Noticed a two-headed ogre
 15247 | Orc:2    | Killed a two-headed ogre
 15248 | Orc:2    | Reached XP level 13. HP: 38/75 MP: 0/0
 15248 | Orc:2    | Learned a level 5 spell: Yara's Violent Unravelling
 15659 | Orc:2    | Noticed an ogre mage
 15683 | Orc:2    | Paralysed by something for 7 turns
 15702 | Orc:2    | Paralysed by something for 5 turns
 15715 | Orc:2    | Killed an ogre mage
 16048 | Orc:2    | Found Wecza's Armour Shop.
 16055 | Orc:2    | Found Jove's Weapon Shop.
 16058 | Orc:2    | Found Vuxtuass's General Store.
 16067 | Orc:2    | Found Koibaihunn's Assorted Antiques.
 16093 | Orc:2    | Bought a potion of degeneration for 12 gold pieces
 16117 | Orc:2    | Bought a scroll labelled WEACUI MOYMENT for 28 gold pieces
 16117 | Orc:2    | Bought a phantom mirror for 1120 gold pieces
 16117 | Orc:2    | Bought a pair of runed gloves for 210 gold pieces
 16167 | Orc:2    | Bought the +9 falchion "Ucvomn" {freeze, Int+4 Dex+4} for
                  | 890 gold pieces
 16396 | Orc:2    | Found a staircase to the Elven Halls.
 16611 | Elf:1    | Entered Level 1 of the Elven Halls
 16628 | Orc:2    | Killed from afar by a deep elf knight

Illustrated notes

Levels and vault maps discovered:
D:1:      amcnicky_arrival_wind_blow, layout_loops_ring
D:2:      layout_loops_ring, basic_altar, st_stairs_8, uniq_jessica
D:3:      layout_basic, lemuel_coloured_pillars_altar, demons_altar,
          hellmonk_ecumenical_altar_run_dry, serial_glass, glass_columns_b,
          glass_columns_a, glass_columns_a, glass_columns_a
D:4:      layout_loops_cross, serial_shops, nicolae_diamond_shop
D:5:      layout_loops_ring, nicolae_tso_carved_into_rock, uniq_menkaure
D:6:      minmay_inner_zag, layout_cave_pools, amcnicky_altar_gilded,
          nicolae_vehumet_radiance, mainiacjoe_overflow_chevrons,
          mainiacjoe_overflow_cross_hatched, uniq_blork_the_orc
D:7:      layout_rooms, gammafunk_temple_of_torment, minmay_temple_entry_tees,
          eino_small_chamber_without_monster
D:8:      layout_basic, nicolae_ossuary_entry_monument, uniq_gastronok,
          uniq_maggie
D:9:      layout_cave_pools, palyth_stone_intersect
D:10:     wander_kiku_kobolds, layout_stronghold,
          nicolae_ru_the_path_less_chosen, nicolae_wu_jian_immortal_techniques,
          mainiacjoe_overflow_big_doors, zombieorc2_lemuel, enter_bailey_5,
          minmay_hedge_maze
Orc:1:    layout_caves, uniq_snorg
Orc:2:    st_orc_open, layout_diamond_mine, portal_ice_cave_entry_pillars_2,
          abandoned_shop
Elf:1:    layout_onion_city, mu_enter_wizlab_4, basic_altar, minmay_elf_sorcery

Skill      XL: |  1  2  3  4  5  6  7  8  9 10 11 12 13 |
---------------+----------------------------------------+-----
Fighting       | 1 2 3 4 5 6 7 8 9 |  9.1
Spellcasting   | 3 4 5 6 7 9 10 11 | 11.9
Stealth        | 2 3 |  3.8
Axes           | 1 3 |  3.6
Dodging        | 3 4 6 7 |  7.8
Armour         | 1 4 6 7 8 |  8.3
Throwing       | |  0.5
Evocations     | |  0.5

Action                   |  1- 3 |  4- 6 |  7- 9 | 10-12 | 13-15 || total
-------------------------+-------+-------+-------+-------+-------++-------
Melee: War axe           |     2 |    39 |    64 |   228 |     3 ||   336
       Punch             |       |     1 |       |     4 |       ||     5
       Headbutt          |       |       |       |    51 |       ||    51
Throw: Dart              |       |     8 |       |       |       ||     8
       Stone             |       |     3 |       |       |       ||     3
 Cast: Foxfire           |    40 |    26 |    39 |   187 |    44 ||   336
       Scorch            |     8 |    33 |    77 |    61 |     6 ||   185
       Inner Flame       |     1 |     2 |    12 |    93 |    11 ||   119
       Searing Ray       |       |     8 |    11 |    21 |     1 ||    41
       Portal Projectile |       |       |     5 |     2 |     2 ||     9
       Hailstorm         |       |       |       |    20 |     4 ||    24
       Irradiate         |       |       |       |    71 |     5 ||    76
Evoke: Wand              |       |       |       |       |     2 ||     2
  Use: Scroll            |       |     4 |     2 |     8 |     2 ||    16
       Potion            |       |       |       |     2 |     5 ||     7
 Stab: Sleeping          |       |       |     1 |       |       ||     1
       Distracted        |       |       |       |     1 |       ||     1
Armor: Robe              |       |    12 |     7 |       |       ||    19
       Ring mail         |       |       |     6 |    82 |     3 ||    91
Dodge: Dodged            |     7 |    39 |    86 |   148 |     7 ||   287
